 Dungeon Crawl Stone Soup version 0.17-a0-1923-gc35365e (webtiles) character file.

142 Ordine the Changer (level 5, 0/55 HPs)
             Began as a Merfolk Transmuter on Sept 28, 2015.
             Slain by an orc
             ... wielding a +0 short sword
              (2 damage)
             ... on level 3 of the Dungeon.
             The game lasted 00:11:39 (2991 turns).

Ordine the Changer (Merfolk Transmuter)             Turns: 2991, Time: 00:11:39

Health: 0/55       AC: 22    Str: 10      XL:     5   Next: 25%
Magic:  8/8        EV:  2    Int: 13      God:
Gold:   108        SH:  3    Dex: 13 (15) Spells: 2 memorised, 4 levels left

rFire  . . .     SeeInvis .       - Unarmed
rCold  . . .     Clarity  .     (armour currently unavailable)
rNeg   + + +     SustAt   .     o - +0 buckler
rPois  +         Gourm    .     (helmet currently unavailable)
rElec  .         Spirit   .     (cloak currently unavailable)
rCorr  .         Warding  .     (gloves currently unavailable)
rMut   .         NoTele   +     (boots currently unavailable)
MR     .....                    (no amulet)
Stlth  +.........               (no ring)
                                (no ring)

@: tree-form, drained, not resistant to hostile enchantments, very unstealthy
A: (change form in water), (swift swim)
a: no special abilities


You were on level 3 of the Dungeon.
You were not hungry.
You were a tree.
You visited 1 branch of the dungeon, and saw 3 of its levels.

You collected 108 gold pieces.

Inventory:

Armour
 h - a +0 pair of gloves (melded)
 l - a +0 leather armour (melded)
 o - a +0 buckler (worn)
Jewellery
 k - an uncursed ring of fire {unknown}
Scrolls
 b - 3 scrolls of teleportation
 d - a scroll of recharging
Potions
 e - a potion of brilliance
 f - a potion of flight
 i - 2 potions of lignification
Books
 c - a book of Changes

   Spells                             Type                      Level
   a - Beastly Appendage              Transmutation                1
   b - Sticks to Snakes               Transmutation                2
   c - Spider Form                    Transmutation/Poison         3
   d - Ice Form                       Ice/Transmutation            4
   e - Blade Hands                    Transmutation                5
Comestibles
 m - 3 chunks of flesh
 n - 2 slices of pizza


   Skills:
 - Level 1.1(1.0) Fighting
 - Level 2.6 Dodging
 + Level 0.8(0.7) Shields
 - Level 4.4 Unarmed Combat
 - Level 2.0(1.9) Spellcasting
 + Level 5.7(5.6) Transmutations


You had 4 spell levels left.
You knew the following spells:

 Your Spells              Type           Power        Failure   Level  Hunger
a - Beastly Appendage     Trmt           ###...       4%          1    ##.....
b - Spider Form           Trmt/Pois      #.........   38%         3    ####...


Dungeon Overview and Level Annotations

Branches:
Dungeon (3/15)

Altars:
Sif Muna
Trog
The Shining One


Message History

You kill the orc!
The orc hits you but does no damage.
You hit the kobold but do no damage. The kobold hits you but does no damage.
The orc completely misses you.
You smack the kobold!
You kill the kobold!
The orc hits you but does no damage.
You barely miss the orc. The orc hits you but does no damage.
You hit the orc.
The orc is almost dead.
The orc hits you but does no damage. x2
You barely miss the orc.
The orc is almost dead.
The orc hits you but does no damage. x2
You smack the orc!
You kill the orc!
The orc hits you from afar with a trident.
* * * LOW HITPOINT WARNING * * *
You closely miss the orc. The orc hits you with a short sword.
You die...

. ##. ..#
#.# #.#
#.# #.#
#♣#
######o##
#......o#
#.##..(.#
#....#
#......
#..#.###
#..#.#
.....#


You could see 2 orcs.

Vanquished Creatures
  An orc wizard (D:3)
  3 gnolls (D:2)
  2 adders
  A worm (D:2)
  A giant gecko (D:2)
  4 orcs (D:3)
  A ball python (D:2)
  7 goblins
  5 hobgoblins
  13 jackals
  6 kobolds
  2 bats (D:2)
  2 giant cockroaches (D:2)
  2 giant newts (D:1)
  5 rats
55 creatures vanquished.

Notes
Turn   | Place    | Note
--------------------------------------------------------------
     0 | D:1      | Ordine the Merfolk Transmuter began the quest for the Orb.
     0 | D:1      | Reached XP level 1. HP: 15/15 MP: 3/3
   419 | D:1      | Reached XP level 2. HP: 18/21 MP: 3/5
   524 | D:1      | Reached skill level 4 in Unarmed Combat
   847 | D:1      | Found a glowing golden altar of the Shining One.
  1431 | D:2      | Reached XP level 3. HP: 26/26 MP: 4/6
  1436 | D:2      | Learned a level 3 spell: Spider Form
  1758 | D:2      | Reached XP level 4. HP: 9/32 MP: 7/7
  2767 | D:2      | Found a deep blue altar of Sif Muna.
  2912 | D:2      | Found a bloodstained altar of Trog.
  2953 | D:3      | Reached skill level 5 in Transmutations
  2977 | D:3      | Reached XP level 5. HP: 5/37 MP: 6/8
  2983 | D:3      | HP: 2/55 [orc/dagger (2)]
  2990 | D:3      | HP: 2/55 [orc/trident (1)]
  2991 | D:3      | Slain by an orc

Vault maps used:
D:1:      minmay_arrival_doors, tso_metal_star
D:2:      lemuel_coloured_pillars_altar, lemuel_doored_altar
D:3:      first_bread

Action                   |  1- 3 |  4- 6 || total
-------------------------+-------+-------++-------
Melee: Unarmed           |    83 |   119 ||   202
 Cast: Beastly Appendage |    17 |     9 ||    26
  Use: Scroll            |     7 |     1 ||     8
       Potion            |       |     3 ||     3
 Stab: Sleeping          |     1 |       ||     1
  Eat: Chunk             |     3 |       ||     3
       Bread ration      |       |     1 ||     1
